AoeStats
← A Delicious Pot Roast

Pilgrims

514501494Analyzed
3v3 RM · 3d ago on Oct 18, 2026· 26m 20s· 6 players
Game mode
Random Map
Map size
Normal (6 player)
Population
200
Speed
Normal
Resources
Standard
Victory
Conquest
Starting age
Dark Age
Ending age
Imperial Age
RankedLock teamsTeams togetherTeam positionsShared explorationLock speedFull tech treeHidden civsTurbo modeCheats
Victory
Defeat
🇹🇼 Lithuanians · Taiwan
627
+12
🇺🇸 Celts · United States
587
+14
🇺🇸 Malay · United States
568
+16
vs
🇺🇸 Danes · United States
552
-14
🇨🇴 Poles · Colombia
545
-14
🇺🇸 Italians · United States
541
-14
FlakeyJSnakey
A Delicious Pot Roast
14:37 Feudal Age
15:26 Double-Bit Axe
15:21 Man-at-Arms
18:47 Scale Mail Armor
18:37 Arson
henyerh01
15:52 Feudal Age
19:29 Man-at-Arms
19:56 Arson
23:54 Castle Age
24:00 Castle Age
21:58 Horse Collar
22:22 Padded Archer Armor
tswag
8:59 Loom
20:13 Feudal Age
25:23 Castle Age
Schneckenhof
8:18 Loom
8:29 Loom
18:43 Feudal Age
19:39 Double-Bit Axe
19:49 Stone Mining
20:05 Man-at-Arms
20:34 Arson
23:07 Wheelbarrow
22:18 Town Watch
23:41 Fishing Lines
allenchien1968
14:43 Feudal Age
19:00 Castle Age
16:56 Loom
20:01 Light Cavalry
20:45 Husbandry
20:58 Bloodlines
22:35 Forging
22:31 Scale Barding Armor
25:16 Iron Casting
25:02 Chain Barding Armor
Connection lost

Rejoining the realm…

Still unreachable

The connection could not be restored.

Session expired

The server has moved on; the page needs a fresh start.